 Dungeon Crawl Stone Soup version 0.31-a0-188-g5e087ee2ca (webtiles) character file.

Game seed: 8686362944959296836

2839 qw the Skirmisher (level 9, -1/52 HPs)
             Began as a Deep Elf Hunter on June 23, 2023.
             Was a Follower of Okawaru.
             Slain by Dowan
             ... wielding a +0 dagger
              (5 damage)
             ... on level 6 of the Dungeon.
             The game lasted 00:02:28 (4715 turns).

qw the Skirmisher (Deep Elf Hunter)                 Turns: 4715, Time: 00:02:29

Health: -1/52      AC: 12    Str: 15    XL:     9   Next: 46%
Magic:  13/14      EV: 17    Int: 15    God:    Okawaru [*.....]
Gold:   215        SH:  0    Dex: 18    Spells: 8/8 levels left

rFire   . . .        Y - +2 shortbow (freeze)
rCold   . . .        (shield currently unavailable)
rNeg    . . .        l - +0 ring mail
rPois   .            n - +2 helmet
rElec   .            u - +0 cloak
rCorr   .            (no gloves)
SInv    +            o - +2 pair of boots "Kaejist" {Str+3}
Will    .....        (no amulet)
Stlth   +++          c - ring of see invisible
HPRegen 0.28/turn    q - +4 ring of slaying {mikee}
MPRegen 0.14/turn

%: no passive effects
@: about to teleport, heroic
A: talons 1, deformed body
a: Renounce Religion, Heroism


You were on level 6 of the Dungeon.
You worshipped Okawaru.
Okawaru was aware of your devotion.
You visited 2 branches of the dungeon, and saw 8 of its levels.
You also visited: Sewer.

You collected 320 gold pieces.
You spent 105 gold pieces at shops.


Innate Abilities, Weirdness & Mutations

You have sharp toenails.
Armour fits poorly on your strangely shaped body.


   Skills:
 - Level 4.1(9.1) Fighting
 - Level 14.1(19.1) Ranged Weapons
 - Level 2.2(7.2) Armour
 + Level 5.9(10.9) Dodging
 - Level 1.2(6.2) Stealth
 - Level 4.0 Invocations


You had 8 spell levels left.
You didn't know any spells.
Your spell library was empty.

Inventory:

Hand Weapons
 Y - a +2 shortbow of freezing (weapon)
Armour
 l - a +0 ring mail (worn)
 n - a +2 helmet (worn)
 o - the +2 pair of boots "Kaejist" (worn) {Str+3}
   (You acquired it on level 6 of the Dungeon)

   Str:       It affects your strength (+3).
 u - a +0 cloak (worn)
Jewellery
 b - a ring of protection from fire
 c - a ring of see invisible (left hand)
 e - a ring of ice
 j - a ring of protection from fire
 q - a +4 ring of slaying (right hand) {mikee}
Scrolls
 a - a scroll of identify
 f - 3 scrolls of teleportation
Potions
 d - 2 potions of curing
 h - 2 potions of mutation
 i - 4 potions of might
 k - 2 potions of haste
 m - a potion of attraction {unknown}
 p - a potion of ambrosia {unknown}
 r - a potion of berserk rage {unknown}
 s - a potion of cancellation {unknown}
 t - a potion of resistance

Dungeon Overview and Level Annotations

Branches:
Dungeon (7/15)             Temple (1/1) D:5           Sewer (visited)

Altars:
Ashenzari
Cheibriados
Dithmenos
Elyvilon
Gozag
Hepliaklqana
Kikubaaqudgha
Makhleb
Nemelex Xobeh
Okawaru
Qazlal
Ru
Trog
Uskayaw
Vehumet
Wu Jian
Xom
Zin
The Shining One

Shops:
D:2 *   D:4 **

Annotations:
D:5 1 runed translucent door, qw's ghost, novice GrFi
D:6 2 transporters, Dowan; qw's ghost, novice GrFi
D:7 Joseph


Message History

There are monsters nearby!
4705 ||| INVOKING Heroism.
You gain the combat prowess of a mighty hero.
You shoot an arrow. The arrow hits Duvessa.
The arrow freezes Duvessa.
Duvessa is lightly wounded.
Joseph shoots a sling bullet.
The sling bullet hits you but does no damage.
Duvessa hits you with a +0 short sword.
You shoot an arrow. The arrow closely misses Duvessa.
Joseph shoots a sling bullet.
The sling bullet misses you. Duvessa misses you.
You shoot an arrow. The arrow hits Duvessa!
The arrow freezes Duvessa.
Duvessa is heavily wounded.
You shoot an arrow. The arrow hits Duvessa.
The arrow freezes Duvessa.
Duvessa is severely wounded.
Duvessa barely misses you.
You shoot an arrow. The arrow hits Duvessa!
The arrow freezes Duvessa.
You kill Duvessa!
Okawaru accepts your kill.
Dowan's eyes darken. "You have made a black mistake."
Dowan seems to find hidden reserves of power!
Joseph shoots a sling bullet.
The sling bullet hits you!!
You shoot an arrow. The arrow hits Dowan.
The arrow freezes Dowan.
Dowan is moderately wounded.
Joseph shoots a sling bullet.
The sling bullet hits you!
Dowan points at you and mumbles some strange words.
The stone arrow hits you.
4712 ||| STAIRDANCE Dowan barely misses you.
Joseph shoots a sling bullet.
The sling bullet hits you! Dowan closely misses you.
You climb upwards.
Level annotation: 2 transporters, qw's ghost, novice GrFi
There is a stone staircase leading down, spattered with blood here.
4714 ||| READING 4 scrolls of teleportation.
As you read the scroll of teleportation, it crumbles to dust.
You feel strangely unstable. Dowan hits you with a +0 dagger.
You shoot an arrow. The arrow hits Dowan.
The arrow freezes Dowan.
Dowan is heavily wounded.
Dowan hits you with a +0 dagger.
You die...

##........###........##......###
##..#####.##.....##..#.........##
.##.........<.....#.##..........#
..#.............#..#........##...
#.#.....#.......##..........#..#.
........##.......................
......>..##......................
......#........[[e..#............
..........#.....@..............8.
.......8........[...###..........
...................## #..#...8.8.
...........##....#.# ##.........
...#...#..###...#### #......#...
...#.###..###.....## #......###.
......#.....#......## #..........
...#..#.##...<......###..........
...##...###......................


You could see Dowan (fast).

Vanquished Creatures
  Pikel (D:6)
  Eustachio (D:6)
  Duvessa (D:7)
  A water moccasin (D:5)
  A sky beast (D:6)
  An ice beast (D:6)
  2 black bears (D:6)
  An ogre (D:5)
  A centaur (D:6)
  2 lemures (D:6)
  A kobold brigand (Sewer)
  2 bullfrogs (D:6)
  A scorpion (D:5)
  6 wights
  A howler monkey (D:7)
  A hound (D:5)
  4 jellies
  A sleepcap (D:6)
  4 orc priests (D:5)
  3 gnoll boudas
  Jessica (D:2)
  3 iguanas
  5 orc wizards
  10 gnolls
  9 adders
  A shadow imp (D:6)
  2 ufetubi (D:4)
  A dart slug (D:3)
  21 orcs
  12 ball pythons
  7 bats
  7 endoplasms
  10 giant cockroaches
  7 goblins
  6 hobgoblins
  3 jackals (D:1)
  6 quokkas
  6 frilled lizards
  13 kobolds
  6 rats
172 creatures vanquished.

Notes
Turn   | Place    | Note
-------+----------+-------------------------------------------
     0 | D:1      | qw the Deep Elf Hunter began the quest for the Orb.
     0 | D:1      | Reached XP level 1. HP: 12/12 MP: 3/3
     0 | D:1      | 0 ||| qw: Version: 0.3-a-9-g12657ce
     0 | D:1      | 0 ||| qw: Game counter: 3742
     0 | D:1      | 0 ||| qw: Always use a shield: true
     0 | D:1      | 0 ||| qw: God list: Okawaru
     0 | D:1      | 0 ||| qw: Allow faded altars: false
     0 | D:1      | 0 ||| qw: Do Orc after D:15 true
     0 | D:1      | 0 ||| qw: Do second Lair branch before Depths: true
     0 | D:1      | 0 ||| qw: Lair rune preference: random
     0 | D:1      | 0 ||| qw: Plans: Normal
     0 | D:1      | 0 ||| PLANNING D:1-11
   148 | D:1      | Reached XP level 2. HP: 16/16 MP: 4/4
   154 | D:1      | Reached skill level 6 in Ranged Weapons
   271 | D:1      | 271 ||| UPGRADING to ring of protection from fire.
   276 | D:1      | Found a faded altar of an unknown god.
   539 | D:1      | 539 ||| UPGRADING to +0 pair of boots.
   544 | D:1      | 544 ||| READING 2 scrolls labelled WATOSA MURULE.
   545 | D:1      | 545 ||| READING 2 scrolls labelled SINNAIT GOAT.
   550 | D:1      | 550 ||| READING 2 scrolls labelled NEB QEROAZE.
   551 | D:1      | 551 ||| READING 2 scrolls labelled ISIMEM SUXUMU.
   552 | D:1      | 552 ||| READING scroll labelled OCINYR ZAIN.
   553 | D:1      | 553 ||| READING scroll labelled OQYSEA SAYHO.
   554 | D:1      | 554 ||| DROPPING scroll of butterflies.
   555 | D:1      | 555 ||| DROPPING scroll of immolation.
   556 | D:1      | 556 ||| DROPPING scroll of fog.
   596 | D:2      | 596 ||| STAIRDANCE
   600 | D:1      | Reached XP level 3. HP: 16/20 MP: 5/5
   683 | D:2      | Found Tofamua's Assorted Antiques.
   686 | D:2      | 686 ||| BUYING coppery potion (21 gold).
   686 | D:2      | Bought a coppery potion for 21 gold pieces
   686 | D:2      | 686 ||| BUYING scroll labelled ZIFINI SAZXO (24 gold).
   686 | D:2      | Bought a scroll labelled ZIFINI SAZXO for 24 gold pieces
   686 | D:2      | 686 ||| BUYING scroll labelled ZIFINI SAZXO (24 gold).
   686 | D:2      | Bought a scroll labelled ZIFINI SAZXO for 24 gold pieces
   686 | D:2      | 686 ||| SHOPLISTING steel ring (120 gold, have 22).
   801 | D:2      | Found an opulent altar of Gozag.
   843 | D:2      | Reached skill level 7 in Ranged Weapons
   874 | D:2      | Noticed Jessica
   877 | D:2      | Killed Jessica
   878 | D:2      | Reached XP level 4. HP: 25/25 MP: 6/6
  1123 | D:2      | 1123 ||| READING 2 scrolls labelled ZIFINI SAZXO.
  1124 | D:2      | 1124 ||| READING scroll labelled FUL JOSMOSIAV.
  1125 | D:2      | 1125 ||| READING scroll labelled KULASK DIPOKADD.
  1126 | D:2      | 1126 ||| READING 3 scrolls of identify.
  1126 | D:2      | 1126 ||| IDENTIFYING coppery potion
  1127 | D:2      | 1127 ||| READING 2 scrolls of identify.
  1127 | D:2      | 1127 ||| IDENTIFYING pink potion
  1128 | D:2      | 1128 ||| DROPPING scroll of fear.
  1130 | D:2      | 1130 ||| Stepping ~*~*~tactically~*~*~ (cloud).
  1131 | D:2      | 1131 ||| DRINKING potion of curing.
  1131 | D:2      | 1131 ||| (to cure poison)
  1202 | D:3      | 1202 ||| STAIRDANCE
  1210 | D:2      | Reached skill level 8 in Ranged Weapons
  1562 | D:3      | Reached XP level 5. HP: 29/29 MP: 7/7
  1700 | D:3      | 1700 ||| UPGRADING to +2 helmet.
  1705 | D:3      | 1705 ||| UPGRADING to ring of protection from fire.
  1706 | D:3      | 1706 ||| READING scroll labelled XENNAR SAONKA.
  1707 | D:3      | 1707 ||| READING scroll labelled TIOZO IFREANI.
  1708 | D:3      | 1708 ||| READING scroll labelled JUVOOSIALU.
  1843 | D:4      | Reached skill level 9 in Ranged Weapons
  1941 | D:4      | Reached skill level 3 in Dodging
  1946 | D:4      | Reached XP level 6. HP: 29/35 MP: 8/8
  2217 | D:4      | Found Iloediupt's General Store.
  2219 | D:4      | Found Xoimuagh's Specific Store.
  2227 | D:4      | 2227 ||| BUYING scroll of teleportation (36 gold).
  2227 | D:4      | Bought a scroll of teleportation for 36 gold pieces
  2350 | D:4      | 2350 ||| UPGRADING to +0 scale mail.
  2360 | D:4      | 2360 ||| DROPPING +0 leather armour.
  2361 | D:4      | 2361 ||| UPGRADING to +0 ring mail.
  2371 | D:4      | 2371 ||| DROPPING +0 scale mail.
  2372 | D:4      | 2372 ||| UPGRADING to +4 ring of slaying {mikee}.
  2374 | D:4      | 2374 ||| READING scroll labelled DIBUYLA OWKI.
  2436 | D:4      | 2436 ||| DRINKING 2 yellow potions.
  2437 | D:4      | 2437 ||| DROPPING potion of invisibility.
  2454 | D:5      | Entered Level 5 of the Dungeon
  2454 | D:5      | Noticed a water moccasin
  2457 | D:5      | Killed a water moccasin
  2458 | D:5      | Reached skill level 1 in Armour
  2475 | D:5      | Found a staircase to the Ecumenical Temple.
  2476 | D:5      | 2476 ||| PLANNING TEMPLE
  2491 | Temple   | Entered the Ecumenical Temple
  2519 | Temple   | 2519 ||| PLANNING OKAWARU WORSHIP
  2585 | Temple   | Became a worshipper of Warmaster Okawaru
  2586 | Temple   | 2586 ||| PLANNING D:1-11
  2603 | D:5      | 2603 ||| READING scroll of enchant weapon.
  2603 | D:5      | 2603 ||| ENCHANTING +1 shortbow of flaming.
  2615 | D:5      | Reached skill level 10 in Ranged Weapons
  2615 | D:5      | Reached XP level 7. HP: 40/40 MP: 9/9
  2678 | D:5      | 2678 ||| FLEEEEING.
  2679 | D:5      | 2679 ||| FLEEEEING.
  2681 | D:5      | 2681 ||| FLEEEEING.
  2683 | D:5      | 2683 ||| FLEEEEING.
  2685 | D:5      | 2685 ||| FLEEEEING.
  2686 | D:5      | 2686 ||| FLEEEEING.
  2687 | D:5      | 2687 ||| FLEEEEING.
  2688 | D:5      | 2688 ||| FLEEEEING.
  2689 | D:5      | 2689 ||| FLEEEEING.
  2690 | D:5      | 2690 ||| FLEEEEING.
  2691 | D:5      | 2691 ||| FLEEEEING.
  2692 | D:5      | 2692 ||| FLEEEEING.
  2693 | D:5      | 2693 ||| FLEEEEING.
  2694 | D:5      | 2694 ||| FLEEEEING.
  2696 | D:5      | 2696 ||| FLEEEEING.
  2697 | D:5      | 2697 ||| FLEEEEING.
  2698 | D:5      | 2698 ||| FLEEEEING.
  2730 | D:5      | Reached skill level 11 in Ranged Weapons
  2796 | D:5      | 2796 ||| FLEEEEING.
  2797 | D:5      | 2797 ||| FLEEEEING.
  2798 | D:5      | 2798 ||| FLEEEEING.
  2807 | D:5      | Reached * piety under Okawaru
  2852 | D:5      | Found a shadowy altar of Dithmenos.
  2984 | D:5      | Found a runed translucent door.
  2984 | D:5      | Noticed qw's ghost (novice GrFi)
  3037 | D:5      | 3037 ||| Stepping ~*~*~tactically~*~*~ (outnumbered).
  3043 | D:5      | 3043 ||| Stepping ~*~*~tactically~*~*~ (outnumbered).
  3050 | D:5      | 3050 ||| INVOKING Heroism.
  3054 | D:5      | Reached skill level 12 in Ranged Weapons
  3284 | D:5      | 3284 ||| UPGRADING to ring of see invisible.
  3286 | D:5      | 3286 ||| READING scroll labelled TOYBEVV LIGONIETOL.
  3287 | D:5      | 3287 ||| READING scroll labelled PUNOGOUT TOTY.
  3288 | D:5      | 3288 ||| READING 2 scrolls of identify.
  3288 | D:5      | 3288 ||| IDENTIFYING emerald potion
  3289 | D:5      | 3289 ||| DROPPING potion of degeneration.
  3306 | D:6      | 3306 ||| PLANNING SEWER
  3307 | D:6      | Reached XP level 8. HP: 44/44 MP: 10/10
  3332 | D:6      | 3332 ||| INVOKING Heroism.
  3338 | D:6      | Reached skill level 3 in Fighting
  3348 | D:6      | Reached skill level 1 in Invocations
  3382 | D:6      | Noticed Pikel
  3382 | D:6      | 3382 ||| INVOKING Heroism.
  3397 | D:6      | Killed Pikel
  3398 | D:6      | Reached skill level 13 in Ranged Weapons
  3581 | D:6      | Noticed Eustachio
  3582 | D:6      | 3582 ||| INVOKING Heroism.
  3587 | D:6      | Killed Eustachio
  3616 | D:6      | Found a transporter.
  3619 | D:6      | Noticed qw's ghost (novice GrFi)
  3683 | D:6      | Reached XP level 9. HP: 51/51 MP: 13/13
  3702 | D:6      | Found a glowing drain.
  3703 | D:6      | 3703 ||| READING scroll labelled TIRET HUNUTISE.
  3703 | D:6      | Identified a scroll of acquirement
  3703 | D:6      | 3703 ||| ACQUIRING +2 pair of boots "Kaejist" {Str+3}
  3703 | D:6      | Acquired the +2 pair of boots "Kaejist" {Str+3}
  3705 | D:6      | 3705 ||| UPGRADING to +2 pair of boots "Kaejist" {Str+3}.
  3715 | D:6      | 3715 ||| DROPPING +0 pair of boots.
  3721 | D:6      | Reached skill level 3 in Invocations
  3735 | Sewer    | Entered a sewer
  3970 | Sewer    | 3970 ||| DRINKING 3 metallic white potions.
  3970 | Sewer    | Gained mutation: You have sharp toenails. [potion of
                  | mutation]
  3970 | Sewer    | Gained mutation: Armour fits poorly on your strangely
                  | shaped body. [potion of mutation]
  3971 | Sewer    | 3971 ||| DRINKING 3 blue potions.
  3972 | Sewer    | 3972 ||| DRINKING 2 fizzy golden potions.
  3973 | Sewer    | 3973 ||| READING 2 scrolls of identify.
  3973 | Sewer    | 3973 ||| IDENTIFYING amethyst potion
  3988 | D:6      | 3988 ||| PLANNING D:1-11
  3994 | D:6      | 3994 ||| READING scroll of brand weapon.
  3994 | D:6      | 3994 ||| BRANDING +2 shortbow of flaming.
  4020 | D:6      | Found a transporter.
  4052 | D:6      | 4052 ||| INVOKING Heroism.
  4107 | D:6      | 4107 ||| INVOKING Heroism.
  4313 | D:6      | 4313 ||| UPGRADING to +0 cloak.
  4330 | D:7      | Noticed Joseph
  4334 | D:7      | Reached skill level 14 in Ranged Weapons
  4336 | D:7      | 4336 ||| STAIRDANCE
  4338 | D:6      | 4338 ||| INVOKING Heroism.
  4347 | D:6      | HP: 11/49 [wight/+0 battleaxe (2)]
  4348 | D:6      | 4348 ||| READING 5 scrolls of teleportation.
  4349 | D:6      | 4349 ||| DRINKING potion of heal wounds.
  4406 | D:7      | 4406 ||| STAIRDANCE
  4411 | D:6      | 4411 ||| INVOKING Heroism.
  4478 | D:7      | 4478 ||| STAIRDANCE
  4518 | D:7      | 4518 ||| STAIRDANCE
  4543 | D:7      | 4543 ||| STAIRDANCE
  4543 | D:7      | Noticed Dowan
  4587 | D:7      | 4587 ||| INVOKING Heroism.
  4592 | D:7      | Noticed Duvessa
  4594 | D:7      | 4594 ||| STAIRDANCE
  4705 | D:7      | 4705 ||| INVOKING Heroism.
  4710 | D:7      | Killed Duvessa
  4712 | D:7      | 4712 ||| STAIRDANCE
  4712 | D:7      | HP: 6/52 [Joseph/sling bullet (11)]
  4714 | D:6      | 4714 ||| READING 4 scrolls of teleportation.
  4715 | D:6      | Slain by Dowan

Levels and vault maps discovered:
D:1:      ncdulo_smallfort, layout_rooms, shapermc_ecumenical_altar_gd,
          ebering_dispersal_statue_hall, grunt_decor_resistance
D:2:      layout_rooms, serial_shops, nicolae_shop_behind_doors, basic_altar,
          kennysheep_boxes, uniq_jessica
D:3:      layout_rooms, hangedman_decor_growths
D:4:      layout_rooms, nicolae_specific_store, minmay_vboxes
D:5:      layout_rooms, lemuel_crystal_altar, minmay_temple_entry_tees,
          ebering_ghost_sewer_d
D:6:      layout_cave_pools, gup_sewer_entry_glass, gammafunk_ghost_stat_death,
          serial_column_ruins, column_ruins_hut, column_ruins_grid_1,
          column_ruins_open_small_water, column_ruins_grid_3,
          column_ruins_grid_3, minmay_misc_feat_rows, hangedman_decor_points,
          kennysheep_generic_room_5, uniq_pikel, uniq_eustachio
D:7:      layout_cave_pools, lightli_church_of_beogh, uniq_duvessa, uniq_joseph
Temple:   compressed_dpeg_circular_temple

Skill      XL: |  1  2  3  4  5  6  7  8  9 |
---------------+----------------------------+-----
Ranged Weapons | 6 7 8 9 10 12 13 14 | 14.1
Dodging        | 3 4 5 |  5.9
Fighting       | 2 3 4 |  4.1
Armour         | 1 2 |  2.2
Invocations    | 2 4 |  4.0
Stealth        | |  1.2

Action                     |  1- 3 |  4- 6 |  7- 9 || total
---------------------------+-------+-------+-------++-------
   Fire: Shortbow          |    94 |   149 |   217 ||   460
 Invoke: Heroism           |       |       |    10 ||    10
    Use: Scroll            |     6 |    10 |     8 ||    24
         Potion            |       |     2 |     4 ||     6
 Armour: Leather armour    |    12 |    11 |       ||    23
         Ring mail         |       |       |    23 ||    23
  Dodge: Dodged            |    32 |    40 |    59 ||   131

Table legend:
 A = Non-vault XP
 B = Vault XP
 C = Vault XP percentage of total XP
 D = Non-vault monster count
 E = Vault monster count
 F = Vault count percentage of total count
                 A         B        C        D         E       F
            +---------+---------+-------+---------+---------+-------
      Total |    2701 |    1355 |  33.4 |     134 |      36 |  21.2
            +---------+---------+-------+---------+---------+-------
        D:1 |      45 |       0 |   0.0 |      22 |       0 |   0.0
        D:2 |      81 |      37 |  31.4 |      16 |       1 |   5.9
        D:3 |      44 |       0 |   0.0 |      21 |       0 |   0.0
        D:4 |     198 |      21 |   9.6 |      18 |       6 |  25.0
        D:5 |     991 |       0 |   0.0 |      34 |       0 |   0.0
        D:6 |    1212 |    1024 |  45.8 |      20 |       9 |  31.0
        D:7 |     130 |     147 |  53.1 |       3 |       1 |  25.0
      Sewer |       0 |     126 | 100.0 |       0 |      19 | 100.0
            +---------+---------+-------+---------+---------+-------
